 Dungeon Crawl Stone Soup version 0.21.1-1-g345015f (webtiles) character file.

259 xccam the Shield-Bearer (level 6, -4/47 HPs)
             Began as a Formicid Fighter on Mar 25, 2018.
             Killed by divine providence
             ... invoked by an orc priest
              (14 damage)
             ... on level 4 of the Dungeon.
             The game lasted 00:05:39 (2224 turns).

xccam the Shield-Bearer (Formicid Fighter)          Turns: 2224, Time: 00:05:44

Health: -4/47      AC:  9    Str: 28    XL:     6   Next: 40%
Magic:  6/6        EV: 12    Int:  7    God:
Gold:   134        SH:  0    Dex: 10    Spells: 5/5 levels left

rFire    . . .     SeeInvis +   a - +0 long sword
rCold    . . .     Gourm    .   c - +0 shield
rNeg     . . .     Faith    .   b - +0 scale mail
rPois    +         Spirit   .   (helmet unavailable)
rElec    .         Reflect  .   (no cloak)
rCorr    .         Harm     .   x - +1 pair of gloves
MR       .....                  (no boots)
Stlth    ..........             (no amulet)
HPRegen  0.15/turn              g - ring of poison resistance
MPRegen  0.10/turn              j - +3 ring of evasion

@: confused, mighty
A: permanent stasis, dig shafts and tunnels, four strong arms, antennae 3
a: Dig, Shaft Self


You were on level 4 of the Dungeon.
You were hungry.

You visited 1 branch of the dungeon, and saw 4 of its levels.

You collected 134 gold pieces.

Inventory:

Hand Weapons
 a - a +0 long sword (weapon)
Armour
 b - a +0 scale mail (worn)
 c - a +0 shield (worn)
 w - a +0 plate armour
 x - a +1 pair of gloves (worn)
Jewellery
 g - a ring of poison resistance (left hand)
 h - an uncursed amulet of regeneration {unknown}
 j - a +3 ring of evasion (right hand)
 o - an uncursed ring of flight
Wands
 p - a wand of acid (8)
Scrolls
 i - a scroll of enchant armour {unknown}
 r - 3 scrolls of teleportation {unknown}
 s - a scroll of fear {unknown}
 t - a scroll of remove curse {unknown}
 v - a scroll of magic mapping {unknown}
Potions
 e - a potion of agility {unknown}
 m - a potion of mutation {unknown}
 n - a potion of flight {unknown}
Comestibles
 f - 5 rations


   Skills:
 - Level 3.2 Fighting
 + Level 4.6 Long Blades
 - Level 3.2 Armour
 + Level 6.2 Shields


You had 5 spell levels left.
You didn't know any spells.

Dungeon Overview and Level Annotations

Branches:
Dungeon (4/15)
 Temple: D:4-7

Altars:


Innate Abilities, Weirdness & Mutations

You cannot be hasted, slowed, berserked, paralysed or teleported.
You can dig through walls and to a lower floor.
Your four strong arms can wield two-handed weapons with a shield.
You have a pair of large antennae on your head. (SInv)


Message History

The orc priest hits you with a mace.
* * * LOW HITPOINT WARNING * * *
The orc wizard hits you but does no damage.
Unknown command.
It was a potion of haste.
Your stasis prevents you from being hasted.
The orc priest hits you but does no damage.
The orc hits you but does no damage. The orc barely misses you.
The orc priest hits you but does no damage.
The orc wizard hits you with a dagger.
* * * LOW HITPOINT WARNING * * *
Okay, then.
It was a potion of ambrosia.
You are more confused.
You feel invigorated.
The orc wizard casts a spell.
The orc wizard blinks!
The orc priest calls down the wrath of Beogh upon you.
Beogh smites you!
You die...

............... ...
............... ...
................ ....
................. ......
........................
........................
.......o................
......ooo...............
......o@o...............
........o...............
....................<...
........................
........................
........................
........................
.....................##.
...................####


You could see 2 orc priests, 3 orc wizards and 2 orcs.

Vanquished Creatures
  A bullfrog (D:3)
  2 hounds (D:3)
  An orc wizard (D:4)
  A worker ant (D:4)
  A gnoll (D:3)
  2 adders (D:4)
  An ooze (D:4)
  3 worms
  3 dart slugs
  An orc (D:4)
  9 bats
  2 giant cockroaches
  3 goblins
  5 hobgoblins
  4 jackals (D:3)
  3 frilled lizards
  7 kobolds
  9 rats
58 creatures vanquished.

Notes
Turn   | Place    | Note
-------+----------+-------------------------------------------
     0 | D:1      | xccam the Formicid Fighter began the quest for the Orb.
     0 | D:1      | Reached XP level 1. HP: 18/18 MP: 1/1
    46 | D:1      | Reached skill level 4 in Shields
    46 | D:1      | Reached XP level 2. HP: 4/24 MP: 2/2
   613 | D:1      | Reached XP level 3. HP: 28/29 MP: 3/3
   937 | D:2      | Found a faded altar of an unknown god.
  1567 | D:3      | Reached XP level 4. HP: 32/35 MP: 4/4
  1570 | D:3      | Reached skill level 5 in Shields
  1570 | D:3      | Reached XP level 5. HP: 38/41 MP: 5/5
  1786 | D:3      | Noticed a bullfrog
  1801 | D:3      | Killed a bullfrog
  1834 | D:3      | Reached XP level 6. HP: 28/47 MP: 6/6
  2096 | D:4      | Reached skill level 6 in Shields
  2217 | D:4      | HP: 2/47 [orc priest/divine providence (15)]
  2224 | D:4      | Killed from afar by an orc priest

Skill      XL: |  1  2  3  4  5  6 |
---------------+-------------------+-----
Shields        | 4 5 6 |  6.2
Long Blades    | 3 4 |  4.6
Fighting       | |  3.2
Armour         | |  3.2

Action                   |  1- 3 |  4- 6 || total
-------------------------+-------+-------++-------
Melee: Long sword        |   108 |    93 ||   201
  Use: Potion            |       |     4 ||     4
       Scroll            |       |     2 ||     2
  Eat: Chunk             |     2 |     2 ||     4
Armor: Scale mail        |    49 |    47 ||    96
Dodge: Dodged            |    45 |    53 ||    98
Block: Shield            |    64 |    49 ||   113
       Rpst.: Long sword |    18 |    13 ||    31
